NYP
CINCINNATI (NYP) REDS @ HILLSBORO HOPS
06/19/2045
 
TOP OF THE 1ST
Cincinnati (NYP) Reds batting - Pitching for Hillsboro Hops : RHP Cody Savastand
Pitching: RHP Cody Savastand
Batting: RHB Kagetoki Kawai 0-0: Called Strike
0-1: Ball
1-1: Ground out 5-3 (Groundball, 56, EV 107.5 MPH)
Batting: RHB Matt Silva 0-0: Called Strike
0-1: Ball
1-1: Foul Ball, location: 2F
1-2: Ball
2-2: Ground out 4-3 (Groundball, 4, EV 82.5 MPH)
Batting: LHB David Moore 0-0: Foul Ball, location: 2F
0-1: Swinging Strike
0-2: Ball
1-2: Ball
2-2: Foul Ball, location: 2F
2-2: DOUBLE (Line Drive, 89XD, EV 105.0 MPH)
Batting: RHB Pat McCoy 0-0: Ball
1-0: Called Strike
1-1: Ball
2-1: Foul Ball, location: 2F
2-2: Foul Ball, location: 2F
2-2: Fly out, F8 (Line Drive, 8LD, EV 96.2 MPH)
Top of the 1st over - 0 runs, 1 hit, 0 errors, 1 left on base; Cincinnati (NYP) 0 - Hillsboro 0
BOTTOM OF THE 1ST
Hillsboro Hops batting - Pitching for Cincinnati (NYP) Reds : RHP Kevin Nabity
Pitching: RHP Kevin Nabity
Batting: RHB Brandon Joshua 0-0: Ball
1-0: Called Strike
1-1: Ball
2-1: Ground out 5-3 (Groundball, 56, EV 108.8 MPH)
Batting: RHB Yasuo Nakata 0-0: Ball
1-0: Ground out 6-3 (Groundball, 6MD, EV 86.9 MPH)
Batting: RHB Chad Mendoza 0-0: Ball
1-0: Swinging Strike
1-1: Swinging Strike
1-2: Foul Ball, location: 2F
1-2: Strikes out looking
Bottom of the 1st over - 0 runs, 0 hits, 0 errors, 0 left on base; Cincinnati (NYP) 0 - Hillsboro 0
TOP OF THE 2ND
Cincinnati (NYP) Reds batting - Pitching for Hillsboro Hops : RHP Cody Savastand
Batting: RHB Jonathan Robies 0-0: Ball
1-0: Ground out 6-3 (Groundball, 6, EV 86.9 MPH)
Batting: RHB Ben Hinman 0-0: Ground out 4-3 (Groundball, 4, EV 85.6 MPH)
Batting: LHB Brian Snyder 0-0: Called Strike
0-1: Ball
1-1: Ball
2-1: Fly out, F7 (Line Drive, 7D, EV 92.5 MPH)
Top of the 2nd over - 0 runs, 0 hits, 0 errors, 0 left on base; Cincinnati (NYP) 0 - Hillsboro 0
BOTTOM OF THE 2ND
Hillsboro Hops batting - Pitching for Cincinnati (NYP) Reds : RHP Kevin Nabity
Batting: LHB Dillon Rizzuto 0-0: Called Strike
0-1: Swinging Strike
0-2: Ball
1-2: Strikes out swinging
Batting: RHB Jeremy Coffey 0-0: Ball
1-0: Swinging Strike
1-1: Swinging Strike
1-2: Strikes out swinging
Batting: LHB Soo-yeon Kym 0-0: Ball
1-0: Ball
2-0: Swinging Strike
2-1: Foul Ball, location: 2F
2-2: Foul Ball, location: 2F
2-2: Fly out, F7 (Flyball, 78S, EV 91.9 MPH)
Bottom of the 2nd over - 0 runs, 0 hits, 0 errors, 0 left on base; Cincinnati (NYP) 0 - Hillsboro 0
TOP OF THE 3RD
Cincinnati (NYP) Reds batting - Pitching for Hillsboro Hops : RHP Cody Savastand
Batting: LHB Akira Yamano 0-0: Foul Ball, location: 2F
0-1: Foul Ball, location: 2F
0-2: SINGLE (Groundball, 5D, EV 105.0 MPH)
Batting: RHB Frank Moron 0-0: Called Strike
0-1: SINGLE (Groundball, 34D, EV 104.4 MPH)
Akira Yamano to second
Runner from 2nd tries for 3rd, SAFE, throw by RF made to third
Batting: RHB Kagetoki Kawai 0-0: Ball
1-0: Ball
2-0: Swinging Strike
2-1: Foul Ball, location: 2F
2-2: Ball
3-2: Strikes out swinging
Batting: RHB Matt Silva 0-0: Swinging Strike
0-1: Foul Ball, location: 2F
0-2: Strikes out swinging
Batting: LHB David Moore 0-0: Ball
1-0: Fly out, F5 (Popup, 56, EV 67.5 MPH)
Top of the 3rd over - 0 runs, 2 hits, 0 errors, 2 left on base; Cincinnati (NYP) 0 - Hillsboro 0
BOTTOM OF THE 3RD
Hillsboro Hops batting - Pitching for Cincinnati (NYP) Reds : RHP Kevin Nabity
Batting: SHB Mike Kiefer 0-0: Ball
1-0: Called Strike
1-1: Swinging Strike
1-2: Ball
2-2: Foul Ball, location: 2F
2-2: Strikes out swinging
Batting: RHB Jeremy Adams 0-0: Called Strike
0-1: Swinging Strike
0-2: Foul Ball, location: 2F
0-2: Strikes out swinging
Batting: RHB Trevor Corey 0-0: Called Strike
0-1: Foul Ball, location: 2F
0-2: Strikes out swinging
Bottom of the 3rd over - 0 runs, 0 hits, 0 errors, 0 left on base; Cincinnati (NYP) 0 - Hillsboro 0
TOP OF THE 4TH
Cincinnati (NYP) Reds batting - Pitching for Hillsboro Hops : RHP Cody Savastand
Batting: RHB Pat McCoy 0-0: Ball
1-0: Called Strike
1-1: Swinging Strike
1-2: Ball
2-2: Foul Ball, location: 2F
2-2: Strikes out swinging
Batting: RHB Jonathan Robies 0-0: Foul Ball, location: 2F
0-1: Ground out 4-3 (Groundball, 34, EV 102.5 MPH)
Batting: RHB Ben Hinman 0-0: Foul Ball, location: 2F
0-1: Ground out 6-3 (Groundball, 6, EV 93.1 MPH)
Top of the 4th over - 0 runs, 0 hits, 0 errors, 0 left on base; Cincinnati (NYP) 0 - Hillsboro 0
BOTTOM OF THE 4TH
Hillsboro Hops batting - Pitching for Cincinnati (NYP) Reds : RHP Kevin Nabity
Batting: RHB Brandon Joshua 0-0: Ground out 6-3 (Groundball, 6, EV 86.9 MPH)
Batting: RHB Yasuo Nakata 0-0: Ball
1-0: Ball
2-0: Called Strike
2-1: Ground out 6-3 (Groundball, 6, EV 96.2 MPH)
Batting: RHB Chad Mendoza 0-0: Called Strike
0-1: Ball
1-1: Ball
2-1: Called Strike
2-2: Ground out 6-3 (Groundball, 6M, EV 83.8 MPH)
Bottom of the 4th over - 0 runs, 0 hits, 0 errors, 0 left on base; Cincinnati (NYP) 0 - Hillsboro 0
TOP OF THE 5TH
Cincinnati (NYP) Reds batting - Pitching for Hillsboro Hops : RHP Cody Savastand
Batting: LHB Brian Snyder 0-0: Called Strike
0-1: Foul Ball, location: 2F
0-2: Ball
1-2: Foul Ball, location: 2F
1-2: Ball
2-2: Foul Ball, location: 2F
2-2: Ball
3-2: Foul Ball, location: 2F
3-2: Fly out, F5 (Line Drive, 6, EV 75.6 MPH)
Batting: LHB Akira Yamano 0-0: Ball
1-0: Foul Ball, location: 2F
1-1: Ball
2-1: Ground out 4-3 (Groundball, 4, EV 106.9 MPH)
Batting: RHB Frank Moron 0-0: Ball
1-0: DOUBLE (Groundball, 5L, EV 105.6 MPH)
Batting: RHB Kagetoki Kawai 0-0: SINGLE (Line Drive, 78S, EV 92.5 MPH)
Frank Moron to third
Batting: RHB Matt Silva 0-0: Ball
1-0: Ball
2-0: Ground out 4-3 (Groundball, 34, EV 89.4 MPH)
Top of the 5th over - 0 runs, 2 hits, 0 errors, 2 left on base; Cincinnati (NYP) 0 - Hillsboro 0
BOTTOM OF THE 5TH
Hillsboro Hops batting - Pitching for Cincinnati (NYP) Reds : RHP Kevin Nabity
Batting: LHB Dillon Rizzuto 0-0: Ball
1-0: Ball
2-0: Ball
3-0: Called Strike
3-1: SINGLE (Groundball, 3D, EV 96.9 MPH)
Batting: RHB Jeremy Coffey 0-0: Called Strike
0-1: Foul Ball, location: 2F
0-2: Ball
1-2: SINGLE (Groundball, 6MD, EV 106.9 MPH)
Dillon Rizzuto to second
Batting: LHB Soo-yeon Kym 0-0: Called Strike
0-1: Foul Ball, location: 2F
0-2: Fly out, F7 (Line Drive, 7, EV 111.9 MPH)
Batting: SHB Mike Kiefer 0-0: Called Strike
0-1: Ball
1-1: Called Strike
1-2: Grounds into double play, 4-6-3 (Groundball, 4, EV 80.6 MPH)
Bottom of the 5th over - 0 runs, 2 hits, 0 errors, 1 left on base; Cincinnati (NYP) 0 - Hillsboro 0
TOP OF THE 6TH
Cincinnati (NYP) Reds batting - Pitching for Hillsboro Hops : RHP Cody Savastand
Batting: LHB David Moore 0-0: Called Strike
0-1: Ball
1-1: Ground out 6-3 (Groundball, P, EV 83.1 MPH)
Batting: RHB Pat McCoy 0-0: Ball
1-0: Foul Ball, location: 2F
1-1: Ball
2-1: Swinging Strike
2-2: Ball
3-2: Foul Ball, location: 2F
3-2: Strikes out swinging
Batting: RHB Jonathan Robies 0-0: Called Strike
0-1: Ball
1-1: Ball
2-1: Ball
3-1: Base on Balls
Batting: RHB Ben Hinman 0-0: Foul Ball, location: 2F
0-1: Ball
1-1: Ball
2-1: Swinging Strike
2-2: Strikes out swinging
Top of the 6th over - 0 runs, 0 hits, 0 errors, 1 left on base; Cincinnati (NYP) 0 - Hillsboro 0
BOTTOM OF THE 6TH
Hillsboro Hops batting - Pitching for Cincinnati (NYP) Reds : RHP Kevin Nabity
Batting: RHB Jeremy Adams 0-0: Swinging Strike
0-1: Called Strike
0-2: Foul Ball, location: 2F
0-2: Fly out, F8 (Flyball, 8LD, EV 106.2 MPH)
Batting: RHB Trevor Corey 0-0: Called Strike
0-1: Ball
1-1: Foul Ball, location: 2F
1-2: Ball
2-2: Ball
3-2: Strikes out swinging
Batting: RHB Brandon Joshua 0-0: Bunt for hit to P - play at first, batter safe!
Batting: RHB Yasuo Nakata 0-0: Foul Ball, location: 2F
0-1: Foul Ball, location: 2F
0-2: Ground out 5-3 (Groundball, 56, EV 81.2 MPH)
Bottom of the 6th over - 0 runs, 1 hit, 0 errors, 1 left on base; Cincinnati (NYP) 0 - Hillsboro 0
TOP OF THE 7TH
Cincinnati (NYP) Reds batting - Pitching for Hillsboro Hops : RHP Cody Savastand
Batting: LHB Brian Snyder 0-0: Ground out 3-1 (Groundball, 34S, EV 80.0 MPH)
Batting: LHB Akira Yamano 0-0: Ball
1-0: Foul Ball, location: 2F
1-1: DOUBLE (Line Drive, 7LS, EV 90.6 MPH)
Batting: RHB Frank Moron 0-0: Ball
1-0: Foul Ball, location: 2F
1-1: Ground out 4-3 (Groundball, 4S, EV 87.5 MPH)
Akira Yamano to third
Batting: RHB Kagetoki Kawai 0-0: Ball
1-0: Ball
2-0: Called Strike
2-1: Foul Ball, location: 2F
2-2: Ground out 5-3 (Groundball, 56, EV 83.1 MPH)
Top of the 7th over - 0 runs, 1 hit, 0 errors, 1 left on base; Cincinnati (NYP) 0 - Hillsboro 0
BOTTOM OF THE 7TH
Hillsboro Hops batting - Pitching for Cincinnati (NYP) Reds : RHP Kevin Nabity
Batting: RHB Chad Mendoza 0-0: Ball
1-0: Called Strike
1-1: Ball
2-1: Ground out 6-3 (Groundball, 6MD, EV 107.5 MPH)
Batting: LHB Dillon Rizzuto 0-0: Called Strike
0-1: Ball
1-1: Ball
2-1: Ball
3-1: Base on Balls
Batting: RHB Jeremy Coffey 0-0: Ball
1-0: Fielders Choice at 2nd, 5-4 (Groundball, 56, EV 109.4 MPH)
Batting: LHB Soo-yeon Kym 0-0: Called Strike
0-1: Foul Ball, location: 2F
0-2: Fly out, F3 (Line Drive, 3, EV 68.8 MPH)
Bottom of the 7th over - 0 runs, 0 hits, 0 errors, 1 left on base; Cincinnati (NYP) 0 - Hillsboro 0
TOP OF THE 8TH
Cincinnati (NYP) Reds batting - Pitching for Hillsboro Hops : RHP Cody Savastand
Pitching: RHP Shigezo Shoji
Pinch Hitting: LHB Ray Walden 0-0: Called Strike
0-1: Foul Ball, location: 2F
0-2: Strikes out swinging
Batting: LHB David Moore 0-0: Ball
1-0: Ball
2-0: Called Strike
2-1: Ball
3-1: Foul Ball, location: 2F
3-2: SINGLE (Groundball, 4D, EV 99.4 MPH)
Batting: RHB Pat McCoy 0-0: SINGLE (Line Drive, 9S, EV 94.4 MPH)
David Moore to second
Runner from 2nd tries for 3rd, OUT! 9-5
Pinch Hitting: SHB Alex Morales 0-0: Ball
Pat McCoy steals 2nd base
1-0: Intentional Walk
Pinch Hitting: SHB Rich Ranaldi 0-0: Foul Ball, location: 2F
0-1: Swinging Strike
0-2: Ball
1-2: Strikes out swinging
Top of the 8th over - 0 runs, 2 hits, 0 errors, 2 left on base; Cincinnati (NYP) 0 - Hillsboro 0
BOTTOM OF THE 8TH
Hillsboro Hops batting - Pitching for Cincinnati (NYP) Reds : RHP Kevin Nabity
Now at C: Jung-keun Bai
Now at 1B: Rich Ranaldi
Now at 2B: Alex Morales
Now in RF: Pat McCoy
Batting: SHB Mike Kiefer 0-0: Ball
1-0: Called Strike
1-1: Called Strike
1-2: Hit by Pitch
Batting: RHB Jeremy Adams 0-0: Ball
1-0: Bunted foul
1-1: Bunted foul
1-2: Fly out, F8 (Flyball, 8LS, EV 86.2 MPH)
Batting: RHB Trevor Corey 0-0: Called Strike
0-1: Ball
1-1: Ball
2-1: Called Strike
2-2: Foul Ball, location: 2F
2-2: Fly out, F6 (Flyball, 6D, EV 80.0 MPH)
Pitching: RHP Manuel Avitia
Pinch Hitting: LHB Andy Wilmoth 0-0: Called Strike
0-1: Ball
1-1: Ball
2-1: Fly out, F8 (Flyball, 8LM, EV 81.9 MPH)
Bottom of the 8th over - 0 runs, 0 hits, 0 errors, 1 left on base; Cincinnati (NYP) 0 - Hillsboro 0
TOP OF THE 9TH
Cincinnati (NYP) Reds batting - Pitching for Hillsboro Hops : RHP Shigezo Shoji
Pitching: LHP Heath Henderson
Now at SS: Bryan Shuller
Pinch Hitting: RHB Jonathan Davis 0-0: Foul Ball, location: 2F
0-1: SINGLE (Groundball, 6S, EV 99.4 MPH)
Pinch Hitting: RHB Dave Ruiz 0-0: Bunted foul
0-1: Sac Bunt to 23 - play at first, batter OUT! 3-4
Jonathan Davis to second
Batting: RHB Frank Moron 0-0: Called Strike
0-1: Fly out, F5 (Line Drive, 5, EV 69.4 MPH)
Lined into DP, 5-4 (Line Drive, 5, EV 64.4 MPH)
Top of the 9th over - 0 runs, 1 hit, 0 errors, 0 left on base; Cincinnati (NYP) 0 - Hillsboro 0
BOTTOM OF THE 9TH
Hillsboro Hops batting - Pitching for Cincinnati (NYP) Reds : RHP Manuel Avitia
Pitching: LHP Jerry Nero
Now at SS: James Himes
Now in LF: Jose Murillo
Batting: RHB Yasuo Nakata 0-0: Called Strike
0-1: Ball
1-1: Swinging Strike
1-2: Foul Ball, location: 2F
1-2: Strikes out looking
Batting: RHB Chad Mendoza 0-0: Ground out 5-3 (Groundball, 56S, EV 91.2 MPH)
Pinch Hitting: RHB Larry Hardman 0-0: Called Strike
0-1: Ball
1-1: Called Strike
1-2: Ball
2-2: Ball
3-2: Strikes out swinging
Bottom of the 9th over - 0 runs, 0 hits, 0 errors, 0 left on base; Cincinnati (NYP) 0 - Hillsboro 0
TOP OF THE 10TH
Cincinnati (NYP) Reds batting - Pitching for Hillsboro Hops : LHP Heath Henderson
Now in CF: Larry Hardman
Now in RF: Jeremy Coffey
Batting: RHB Kagetoki Kawai 0-0: Foul Ball, location: 2F
0-1: Foul Ball, location: 2F
0-2: Strikes out swinging
Batting: RHB Jung-keun Bai 0-0: DOUBLE (Flyball, 8RXD, EV 112.5 MPH)
Batting: LHB David Moore 0-0: Ball
Wild Pitch!
Jung-keun Bai to third
1-0: Foul Ball, location: 2F
1-1: Ball
2-1: Ground out 1-3 (Groundball, 34S, EV 76.9 MPH)
Batting: RHB Pat McCoy 0-0: Intentional Walk
Batting: SHB Alex Morales 0-0: Fly out, F8 (Flyball, 8RM, EV 96.2 MPH)
Top of the 10th over - 0 runs, 1 hit, 0 errors, 2 left on base; Cincinnati (NYP) 0 - Hillsboro 0
BOTTOM OF THE 10TH
Hillsboro Hops batting - Pitching for Cincinnati (NYP) Reds : LHP Jerry Nero
Batting: RHB Jeremy Coffey 0-0: Foul Ball, location: 2F
0-1: Foul Ball, location: 2F
0-2: Strikes out swinging
Batting: LHB Soo-yeon Kym 0-0: Called Strike
0-1: Called Strike
0-2: Strikes out swinging
Batting: SHB Mike Kiefer 0-0: Ball
1-0: Called Strike
1-1: Called Strike
1-2: Ball
2-2: Strikes out swinging
Bottom of the 10th over - 0 runs, 0 hits, 0 errors, 0 left on base; Cincinnati (NYP) 0 - Hillsboro 0
TOP OF THE 11TH
Cincinnati (NYP) Reds batting - Pitching for Hillsboro Hops : LHP Heath Henderson
Batting: SHB Rich Ranaldi 0-0: Fly out, F3 (Popup, 23F, EV 82.5 MPH)
Pinch Hitting: RHB Eric Sullivan 0-0: Foul Ball, location: 2F
0-1: Ball
1-1: Called Strike
1-2: Strikes out swinging
Pinch Hitting: RHB Josh Newby 0-0: Ball
1-0: Foul Ball, location: 2F
1-1: Called Strike
1-2: Ball
2-2: Fly out, F9 (Flyball, 9, EV 80.6 MPH)
Top of the 11th over - 0 runs, 0 hits, 0 errors, 0 left on base; Cincinnati (NYP) 0 - Hillsboro 0
BOTTOM OF THE 11TH
Hillsboro Hops batting - Pitching for Cincinnati (NYP) Reds : LHP Jerry Nero
Now at SS: Shawn Mathews
Now in LF: Dustin Huschka
Batting: RHB Jeremy Adams 0-0: Ball
1-0: Swinging Strike
1-1: Called Strike
1-2: Strikes out swinging
Batting: RHB Trevor Corey 0-0: Foul Ball, location: 2F
0-1: Foul Ball, location: 2F
0-2: Ball
1-2: Ball
2-2: Strikes out swinging
Batting: RHB Bryan Shuller 0-0: Called Strike
0-1: Ball
1-1: Ground out 1-3 (Groundball, 13, EV 68.1 MPH)
Bottom of the 11th over - 0 runs, 0 hits, 0 errors, 0 left on base; Cincinnati (NYP) 0 - Hillsboro 0
TOP OF THE 12TH
Cincinnati (NYP) Reds batting - Pitching for Hillsboro Hops : LHP Heath Henderson
Pitching: RHP John Petersen
Batting: RHB Frank Moron 0-0: Hit by Pitch
Batting: RHB Kagetoki Kawai 0-0: Ball
1-0: Ball
2-0: Called Strike
2-1: Ball
3-1: Base on Balls
Frank Moron to second
Pinch Runner at 2nd Pat Mage:
Batting: RHB Jung-keun Bai 0-0: DOUBLE (Groundball, 3L, EV 105.0 MPH)
Pat Mage scores
Kagetoki Kawai to third
Runner from 3rd tries for Home, SAFE, throw by RF to trailing runner, SAFE at third!
Batting: LHB David Moore 0-0: Intentional Walk
Batting: RHB Pat McCoy 0-0: Foul Ball, location: 2F
0-1: Ball
1-1: Ball
2-1: Swinging Strike
2-2: Ball
3-2: Foul Ball, location: 2F
3-2: Strikes out swinging
Batting: SHB Alex Morales 0-0: Foul Ball, location: 2F
0-1: SINGLE (Groundball, 4MD, EV 98.1 MPH)
Jung-keun Bai scores
David Moore to second
Runner from 2nd tries for 3rd, SAFE, throw by CF made to third
Alex Morales to second
Batting: SHB Rich Ranaldi 0-0: Intentional Walk
Batting: RHB Shawn Mathews 0-0: Ball
Wild Pitch!
David Moore scores
Alex Morales to third
Rich Ranaldi to second
1-0: Called Strike
1-1: Called Strike
1-2: TRIPLE (Flyball, 89XD, EV 104.4 MPH)
Alex Morales scores
Rich Ranaldi scores
Pitching: RHP Jason Hammons
Batting: RHB Dustin Huschka 0-0: Ball
1-0: Ball
2-0: Ball
3-0: Called Strike
3-1: Base on Balls
Batting: RHB Pat Mage 0-0: Ball
1-0: Swinging Strike
1-1: Grounds into double play, 6-4-3 (Groundball, 6, EV 78.1 MPH)
Top of the 12th over - 6 runs, 3 hits, 0 errors, 1 left on base; Cincinnati (NYP) 6 - Hillsboro 0
BOTTOM OF THE 12TH
Hillsboro Hops batting - Pitching for Cincinnati (NYP) Reds : LHP Jerry Nero
Now at 3B: Rongo Olopoto
Batting: RHB Yasuo Nakata 0-0: Fly out, F9 (Flyball, 9, EV 86.9 MPH)
Batting: RHB Chad Mendoza 0-0: Called Strike
0-1: Ball
1-1: Ball
2-1: DOUBLE (Line Drive, 7LM, EV 109.4 MPH)
Batting: RHB Larry Hardman 0-0: Ball
1-0: Ground out U3 (Groundball, 3S, EV 67.5 MPH)
Chad Mendoza to third
Batting: RHB Jeremy Coffey 0-0: Ground out 6-3 (Groundball, 6, EV 84.4 MPH)
Bottom of the 12th over - 0 runs, 1 hit, 0 errors, 1 left on base; Cincinnati (NYP) 6 - Hillsboro 0
Wednesday, June 22nd , 2022 - OOTP Baseball 23.4 Build 64